 Dungeon Crawl Stone Soup version 0.21.1-1-g345015f (webtiles) character file.

35 inc the Vexing (level 3, 14/14 HPs)
             Began as a Felid Enchanter on Mar 12, 2018.
             Was an Initiate of Wu Jian.
             Quit the game on level 3 of the Dungeon.
             The game lasted 00:03:50 (3599 turns).

inc the Vexing (Felid Enchanter)                    Turns: 3599, Time: 00:03:50

Health: 14/14      AC:  1    Str:  9    XL:     3   Next: 16%
Magic:  7/7        EV: 18    Int: 17    God:    Wu Jian [......]
Gold:   105        SH:  0    Dex: 16    Spells: 0/6 levels left
                                        Lives:  0   Deaths: 1

rFire    . . .     SeeInvis +     - Unarmed
rCold    . . .     Gourm    .   (shield unavailable)
rNeg     . . .     Faith    .   (armour unavailable)
rPois    .         Spirit   .   (helmet unavailable)
rElec    .         Reflect  .   (cloak unavailable)
rCorr    .         Harm     .   (gloves unavailable)
MR       .....                  (boots unavailable)
Stlth    +++.......             (no amulet)
HPRegen  0.04/turn              (no ring)
MPRegen  0.10/turn              (no ring)

@: mighty, berserk cooldown, slowed, slow
A: very small, no armour, no weapons or thrown items, stealth, claws 1, fangs 3,
see invisible, carnivore, speed 1, shaggy fur 1, slow metabolism 1, sharp paws
a: Renounce Religion


You were on level 3 of the Dungeon.
You worshipped Wu Jian.
Wu Jian was noncommittal.
You were not hungry.

You visited 1 branch of the dungeon, and saw 3 of its levels.

You collected 105 gold pieces.

Inventory:

Jewellery
 g - an uncursed amulet of harm
 q - an uncursed amulet of the gourmand {unknown}
Scrolls
 c - 3 scrolls of blinking
 d - 2 scrolls of enchant weapon {unknown}
 f - 2 scrolls of teleportation {unknown}
 i - a scroll of remove curse {unknown}
 j - a scroll of enchant armour {unknown}
 o - a scroll of magic mapping {unknown}
 p - a scroll of identify
Potions
 e - a potion of curing
 k - a potion of cancellation
 m - a potion of magic
Books
 a - a book of Maledictions

   Spells                             Type                      Level
   a - Corona                         Hexes                        1
   b - Ensorcelled Hibernation        Hexes/Ice                    2
   c - Confuse                        Hexes                        3
   d - Tukima's Dance                 Hexes                        3
   e - Dazzling Spray                 Conjuration/Hexes            3
Comestibles
 b - 5 rations


   Skills:
 - Level 2.6 Dodging
 - Level 4.0 Stealth
 - Level 4.0 Unarmed Combat
 - Level 2.0 Spellcasting
 + Level 4.5 Hexes
 + Level 0.2 Ice Magic


You couldn't memorise any spells.
You knew the following spells:

 Your Spells              Type           Power        Failure   Level  Hunger
a - Corona                Hex            ###....      3%          1    #......
b - Ensorcelled Hibernat  Hex/Ice        #.....       11%         2    ###....
c - Confuse               Hex            ###.....     9%          3    ###....


Dungeon Overview and Level Annotations

Branches:
Dungeon (3/15)

Altars:
Dithmenos
Makhleb
Wu Jian

Annotations:
D:3 letownia2's ghost, weakling MfSk


Innate Abilities, Weirdness & Mutations

You cannot wear armour.
You are incapable of wielding weapons or throwing items.
Your paws allow you to move quietly. (Stealth)
You have sharp claws.
You have razor-sharp teeth.
You have supernaturally acute eyesight. (SInv)
You are carnivorous and can eat meat at any time.
You cover ground quickly.
You are covered in fur. (AC +1)
You have a slow metabolism.
Your sharp claws are effective at attacking unaware monsters.


Message History

You completely miss the centaur.
The centaur is heavily wounded.
The centaur hits you!
You die...
The centaur hits you.
You are now level 3!
You rejoin the land of the living...
It was a potion of berserk rage.
A red film seems to cover your vision as you go berserk!
You feel yourself moving faster!
You feel mighty!
You are too berserk!
Unknown command.
You feel a strong urge to attack something.
You feel your anger nearly subside.
You are no longer berserk.
You are exhausted.
You feel yourself slow down.
It was a potion of might.
You feel very mighty all of a sudden.
It was a potion of heal wounds.
You feel much better.
Are you sure you want to abandon this character and quit the game? (Confirm with "yes".)

####.........##..........#
...'....†....+...........#
####.........####...##.###
# ##.......## ###.###.# #
##.....## #.......# #
####...## #.####### #
#.......# #.# # #.###.#.#
#.# # #.###.#.# #@#
#.#.....# #.#
#.#.....#####.#
#.#(..#.......#
####.#.....#######
...........# ########.###
#.# #.#


There were no monsters in sight!

Vanquished Creatures
  Jessica (D:2)
  4 leopard geckos
  2 ball pythons
  10 bats
  2 giant cockroaches
  7 goblins
  6 hobgoblins
  A quokka (D:3)
  3 frilled lizards
  6 kobolds
  5 rats
47 creatures vanquished.

Notes
Turn   | Place    | Note
-------+----------+-------------------------------------------
     0 | D:1      | inc the Felid Enchanter began the quest for the Orb.
     0 | D:1      | Reached XP level 1. HP: 7/7 MP: 4/4
   279 | D:1      | Reached XP level 2. HP: 4/11 MP: 6/6
  1830 | D:2      | Noticed Jessica
  1835 | D:2      | Killed Jessica
  1835 | D:2      | Reached XP level 3. HP: 14/14 MP: 7/7
  1858 | D:2      | Found a shadowy altar of Dithmenos.
  1889 | D:2      | Learned a level 2 spell: Ensorcelled Hibernation
  1893 | D:2      | Learned a level 3 spell: Confuse
  2478 | D:2      | Found a burning altar of Makhleb.
  2478 | D:2      | Found an ornate altar of the Wu Jian Council.
  2546 | D:2      | Became a worshipper of the Wu Jian Council
  2772 | D:2      | Reached XP level 4. HP: 18/18 MP: 8/8
  3491 | D:3      | Noticed letownia2's ghost (weakling MfSk)
  3578 | D:3      | Noticed a centaur
  3589 | D:3      | Slain by a centaur
  3590 | D:3      | Reached XP level 3. HP: 0/14 MP: 7/7
  3599 | D:3      | Quit the game

Skill      XL: |  1  2  3  4 |
---------------+-------------+-----
Unarmed Combat | 2 3 4 |  4.0
Dodging        | |  2.6
Stealth        | |  4.0
Spellcasting   | |  2.0
Hexes          | |  4.5
Ice Magic      | |  0.2

Action                   |  1- 3 |  4- 6 || total
-------------------------+-------+-------++-------
Melee: Unarmed           |   110 |    36 ||   146
       Bite              |     8 |     2 ||    10
       Punch             |     1 |       ||     1
Invok: Lunge             |     1 |     3 ||     4
  Use: Potion            |     3 |       ||     3
       Scroll            |       |     4 ||     4
 Stab: Sleeping          |    11 |     4 ||    15
       Distracted        |     1 |       ||     1
  Eat: Chunk             |     5 |       ||     5
Armor: Skin              |     6 |     4 ||    10
Dodge: Dodged            |    98 |    19 ||   117
